 Dungeon Crawl Stone Soup version 0.29.1-15-g9cfb28693d (webtiles) character file.

Game seed: 4618316235803120848

4879 BuddhaDhamma the Severer (level 10, -6/77 HPs)
             Began as a Minotaur Berserker on Feb 27, 2023.
             Was an Elder of Trog.
             Mangled by a wyvern (11 damage)
             ... on level 10 of the Dungeon.
             The game lasted 00:21:28 (11400 turns).

BuddhaDhamma the Severer (Minotaur Berserker)      Turns: 11400, Time: 00:21:29

Health: -6/77      AC:  8    Str: 33    XL:     10   Next: 26%
Magic:  9/9        EV:  9    Int:  4    God:    Trog [****..]
Gold:   404        SH:  2    Dex:  9    Spells: 9/9 levels left

rFire   . . .      SeeInvis .   (no weapon)
rCold   . . .      Faith    .   g - +0 buckler
rNeg    . . .      Spirit   .   u - +0 chain mail
rPois   +          Reflect  .   (helmet restricted)
rElec   .          Harm     .   (no cloak)
rCorr   .          Rampage  .   (no gloves)
Will    ++...                   (no boots)
Stlth   ..........              (no amulet)
HPRegen 1.22/turn               i - +6 ring of strength
MPRegen 0.11/turn               p - ring of poison resistance

@: strong-willed, regenerating
A: horns 2, retaliatory headbutt
a: Renounce Religion, Berserk, Trog's Hand, Brothers in Arms


You were on level 10 of the Dungeon.
You worshipped Trog.
Trog was greatly pleased with you.
You visited 1 branch of the dungeon, and saw 10 of its levels.

You collected 404 gold pieces.

Inventory:

Hand Weapons
 B - a +4 battleaxe of freezing
Missiles
 b - 18 boomerangs (quivered)
Armour
 g - a +0 buckler (worn)
 u - a +0 chain mail (worn)
Jewellery
 e - a ring of protection from cold
 i - a +6 ring of strength (left hand)
 p - a ring of poison resistance (right hand)
 r - a ring of resist corrosion
 v - an amulet of magic regeneration
Wands
 f - a wand of acid (8)
 x - a wand of mindburst (13)
Scrolls
 c - 2 scrolls of enchant armour
 d - a scroll of magic mapping
 h - 4 scrolls of poison
 y - a scroll of enchant weapon
 C - a scroll of teleportation
Potions
 a - 4 potions of curing
 j - 2 potions of resistance
 k - a potion of flight {unknown}
 l - a potion of ambrosia
 m - 5 potions of attraction
 n - 3 potions of lignification
 q - 3 potions of berserk rage {unknown}
 s - a potion of invisibility {unknown}
 w - a potion of haste
 z - 2 potions of mutation {unknown}
 A - a potion of might


   Skills:
 - Level 3.6 Fighting
 + Level 17.8 Axes
 - Level 2.4 Armour
 - Level 2.1 Dodging


You had 9 spell levels left.
You didn't know any spells.
Your spell library was empty.

Dungeon Overview and Level Annotations

Branches:
Dungeon (10/15)            Temple (0/1) D:5
   Lair: D:8-11         Orc: D:9-12

Altars:
Fedhas
Trog
Uskayaw
The Shining One


Innate Abilities, Weirdness & Mutations

You have a pair of horns on your head.
You reflexively headbutt those who attack you in melee.


Message History

The water moccasin is heavily wounded.
The water moccasin bites you but does no damage.
The water moccasin closely misses you. The water moccasin bites you.
You completely miss the water moccasin. You headbutt the water moccasin.
The water moccasin is heavily wounded.
A wyvern comes into view.
The water moccasin bites you but does no damage.
The water moccasin bites you.
You closely miss the water moccasin.
The wyvern hisses angrily.
Your headbutt misses the water moccasin.
The water moccasin is heavily wounded.
You block the water moccasin's attack. The water moccasin misses you.
The water moccasin bites you but does no damage. x2
You barely miss the water moccasin.
Your headbutt misses the water moccasin.
The water moccasin is heavily wounded.
The water moccasin bites you but does no damage.
The water moccasin closely misses you. You furiously retaliate!
You headbutt the water moccasin! You miss the water moccasin.
Your headbutt misses the water moccasin.
The water moccasin is heavily wounded.
The water moccasin bites you. x3
The water moccasin bites you but does no damage.
You miss the water moccasin.
The water moccasin is heavily wounded.
The water moccasin closely misses you. The wyvern bites you!
* * * LOW HITPOINT WARNING * * *
The water moccasin bites you.
* * * LOW HITPOINT WARNING * * *
You are poisoned.
The water moccasin poisons you!
You feel better. The wyvern bites you!
* * * LOW HITPOINT WARNING * * *
The water moccasin bites you!
* * * LOW HITPOINT WARNING * * *
The water moccasin bites you but does no damage.
The wyvern bites you!
You die...

#. #. #.. #...# #. #..
#...# #.
#..#######...### ###.
##........#...#.###..<
...........<..........
#####.#.###.#.#.###...
#.....l...............
#####@S...............
#S#####.#.#####... #†#
#.#.# #... ... #.#.#
#... ....# #.#.# #..)
.....# #.#.# #...
....... ..... ...
........ .....
..#......# #....


You could see 2 water moccasins and a wyvern.

Vanquished Creatures
  A two-headed ogre (D:10)
  A troll (D:9)
  A shadow (D:10)
  3 wyverns
  2 steam dragons
  A water moccasin (D:6)
  An orc warrior (D:9)
  2 black bears (D:5)
  A sky beast (D:6)
  2 centaurs (D:9)
  A phantom (D:5)
  2 kobold brigands
  A necrophage (D:5)
  A gnoll sergeant (D:8)
  4 bullfrogs
  5 scorpions
  10 wights (D:8)
  4 howler monkeys
  2 jellies
  A gnoll bouda (D:6)
  4 hounds
  6 orc priests
  3 iguanas
  11 orc wizards
  5 adders
  11 gnolls
  2 shadow imps
  4 white imps
  2 ufetubi (D:6)
  2 worms
  2 dart slugs (D:1)
  35 orcs
  5 ball pythons
  3 endoplasms (D:3)
  3 giant cockroaches
  9 goblins
  6 hobgoblins
  18 kobolds
  3 quokkas
  3 bats
  4 frilled lizards (D:3)
  12 rats
199 creatures vanquished.

Vanquished Creatures (others)
  2 orcs (D:7)
  A bush (D:10)
  3 demonic plants (D:1)
  2 fungi (D:10)
  18 plants (D:10)
  A withered plant (D:1)
27 creatures vanquished.

Grand Total: 226 creatures vanquished

Notes
Turn   | Place    | Note
-------+----------+-------------------------------------------
     0 | D:1      | BuddhaDhamma the Minotaur Berserker began the quest for the
                  | Orb.
     0 | D:1      | Reached XP level 1. HP: 19/19 MP: 0/0
    88 | D:1      | Reached skill level 4 in Axes
    90 | D:1      | Reached XP level 2. HP: 12/26 MP: 1/1
   541 | D:1      | Found a faded altar of an unknown god.
   778 | D:1      | Reached skill level 5 in Axes
   936 | D:2      | Reached XP level 3. HP: 29/31 MP: 2/2
  1112 | D:2      | Reached skill level 6 in Axes
  1112 | D:2      | Reached XP level 4. HP: 10/39 MP: 3/3
  1824 | D:3      | Reached ** piety under Trog
  1960 | D:3      | Reached skill level 7 in Axes
  1960 | D:3      | Reached XP level 5. HP: 36/45 MP: 0/4
  2483 | D:3      | Identified the +0 robe of the Dozen Knaves {-Tele rF++
                  | Int+4 Stlth+}
  2645 | D:3      | Found the +7 staff of the Meek {protect, meekguard}
  2701 | D:3      | You fall into a shaft and drop 1 floor!
  2728 | D:4      | Reached skill level 8 in Axes
  2977 | D:3      | Reached XP level 6. HP: 50/51 MP: 5/5
  2988 | D:3      | Found a blossoming altar of Fedhas.
  3167 | D:4      | Identified the +2 whip "Foluschoi" {elec, rN+ Int-2 SInv}
  3599 | D:4      | Reached skill level 9 in Axes
  4062 | D:5      | Entered Level 5 of the Dungeon
  4104 | D:5      | Reached XP level 7. HP: 4/57 MP: 6/6
  4388 | D:5      | Found a hide-covered altar of Uskayaw.
  4401 | D:5      | Reached skill level 10 in Axes
  4624 | D:5      | Reached skill level 11 in Axes
  4929 | D:5      | Reached *** piety under Trog
  5081 | D:5      | Found a staircase to the Ecumenical Temple.
  5171 | D:6      | Reached XP level 8. HP: 7/64 MP: 7/7
  5474 | D:6      | Reached skill level 12 in Axes
  6150 | D:6      | Found a bloodstained altar of Trog.
  6398 | D:6      | Reached skill level 13 in Axes
  7197 | D:7      | Reached skill level 14 in Axes
  7454 | D:7      | Reached XP level 9. HP: 59/70 MP: 8/8
  7972 | D:8      | Reached **** piety under Trog
  8371 | D:8      | Reached skill level 15 in Axes
  8631 | D:8      | HP: 3/67 [wight/+3 hand axe of freezing (4)]
  9605 | D:8      | Reached skill level 16 in Axes
 10217 | D:9      | Noticed a troll
 10222 | D:9      | Killed a troll
 10503 | D:9      | Reached skill level 17 in Axes
 10513 | D:9      | Reached XP level 10. HP: 54/77 MP: 9/9
 10631 | D:9      | Found a glowing golden altar of the Shining One.
 11173 | D:9      | Identified a scroll of acquirement
 11173 | D:9      | Acquired a +4 battleaxe of freezing
 11177 | D:10     | Entered Level 10 of the Dungeon
 11177 | D:10     | Noticed a two-headed ogre
 11185 | D:10     | Killed a two-headed ogre
 11400 | D:10     | Mangled by a wyvern

Illustrated notes

Levels and vault maps discovered:
D:1:      zaba_arrival_water, layout_rooms, shapermc_ecumenical_altar_gd,
          serial_park_tiny_1
D:2:      layout_rooms, minmay_ruptured
D:3:      layout_loops_corners, fedhas_altar_fruit_tree, pf_guarded_unrand_meek
D:4:      kennysheep_spiral_hall, layout_basic
D:5:      layout_rooms, mainiacjoe_overflow_24_doors, temple_green,
          hex_intersection, chequers_arboretum
D:6:      layout_basic, lemuel_coloured_pillars_altar, minivault_23,
          minmay_crystal_water, minmay_misc_feat_four_crosses
D:7:      layout_basic
D:8:      layout_loops_ring, minmay_misc_feat_encased, corexii_corridor_pit
D:9:      layout_basic, nicolae_tso_carved_into_rock
D:10:     layout_basic, minmay_lair_entry_grove, serial_co_window_serial,
          co_window_of_opportunity_a, co_window_paths_b,
          co_window_of_opportunity_a, co_window_paths_a, co_window_corner_a,
          co_window_paths_a, co_window_unsneaky_path_e,
          co_window_unsneaky_path_b, co_window_broadway_a, glass_columns_a

Skill      XL: |  1  2  3  4  5  6  7  8  9 |
---------------+----------------------------+-----
Axes           | 4 5 6 7 8 9 11 14 17 | 17.8
Fighting       | |  3.6
Armour         | |  2.4
Dodging        | |  2.1

Action                   |  1- 3 |  4- 6 |  7- 9 | 10-12 || total
-------------------------+-------+-------+-------+-------++-------
Melee: Hand axe          |    48 |    78 |       |       ||   126
       Headbutt          |     8 |    16 |    42 |    11 ||    77
       War axe           |       |    54 |   288 |    13 ||   355
       Unarmed           |       |       |       |    38 ||    38
Throw: Boomerang         |    10 |     3 |    14 |       ||    27
Invok: Berserk           |     1 |     2 |     7 |     1 ||    11
       Trog's Hand       |       |     1 |     1 |     1 ||     3
  Use: Scroll            |       |    15 |     3 |     1 ||    19
       Potion            |       |       |     1 |     2 ||     3
 Stab: Sleeping          |     2 |       |       |       ||     2
Armor: Animal skin       |     3 |       |       |       ||     3
       Ring mail         |     2 |    48 |    62 |       ||   112
       Chain mail        |       |       |    49 |    34 ||    83
Dodge: Dodged            |    35 |    65 |   114 |    29 ||   243
Block: Buckler           |       |       |    13 |     6 ||    19
